 Dungeon Crawl Stone Soup version 0.17-a0-1979-g1c74939 (webtiles) character file.

141 Shim the Grasshopper (level 5, -8/35 HPs)
             Began as a High Elf Warper on Oct 5, 2015.
             Killed by divine providence
             ... invoked by an orc priest
              (9 damage)
             ... on level 3 of the Dungeon.
             The game lasted 00:25:51 (5513 turns).

Shim the Grasshopper (High Elf Warper)              Turns: 5513, Time: 00:25:51

Health: -8/35      AC:  7    Str: 14    XL:     5   Next: 3%
Magic:  1/10       EV: 13    Int: 17    God:
Gold:   137        SH:  0    Dex: 14    Spells: 4 memorised, 2 levels left

rFire  . . .     SeeInvis .     w - +2 dagger (drain)
rCold  . . .     Clarity  +     b - +1 leather armour
rNeg   . . .     SustAt   .     (no shield)
rPois  .         Gourm    .     (no helmet)
rElec  .         Spirit   .     (no cloak)
rCorr  .         Warding  .     p - +2 pair of gloves {Str+3}
rMut   .         Stasis   .     (no boots)
MR     .....                    j - amulet of clarity
Stlth  +.........               (no ring)
                                (no ring)

@: flying, very slightly contaminated, not resistant to hostile enchantments,
very unstealthy
A: no striking features
a: no special abilities


You were on level 3 of the Dungeon.
You were not hungry.

You visited 1 branch of the dungeon, and saw 4 of its levels.

You collected 137 gold pieces.

Inventory:

Hand Weapons
 a - a +0 short sword
 e - a +2 short sword of electrocution
 l - a +1 short sword of protection
 w - a +2 dagger of draining (weapon)
Missiles
 m - 109 stones (quivered)
 o - a throwing net
Armour
 b - a +1 leather armour (worn)
 p - a +2 pair of gloves of strength (worn)
 x - a +0 helmet
Jewellery
 j - an amulet of clarity (around neck)
Scrolls
 h - a scroll of random uselessness
 i - a scroll of fear {unknown}
 k - 2 scrolls of identify
 n - 2 scrolls of enchant weapon {unknown}
 q - a scroll of amnesia {unknown}
 u - a scroll of magic mapping
Potions
 g - a potion of ambrosia {unknown}
Books
 c - a book of Spatial Translocations

   Spells                             Type                      Level
   a - Apportation                    Translocation                1
   b - Blink                          Translocation                2
   c - Shroud of Golubria             Charms/Translocation         2
   d - Portal Projectile              Translocation                3
   e - Teleport Other                 Translocation                3
   f - Passage of Golubria            Translocation                4
 d - a book of Flames

   Spells                             Type                      Level
   a - Flame Tongue                   Conjuration/Fire             1
   b - Throw Flame                    Conjuration/Fire             2
   c - Conjure Flame                  Conjuration/Fire             3
   d - Inner Flame                    Hexes/Fire                   3
   e - Sticky Flame                   Conjuration/Fire             4
   f - Fireball                       Conjuration/Fire             5
Comestibles
 f - a bread ration
 s - a meat ration
 t - a beef jerky
 v - a royal jelly


   Skills:
 + Level 2.7 Fighting
 + Level 3.0 Short Blades
 + Level 1.4 Throwing
 + Level 1.9 Armour
 + Level 3.4 Dodging
 + Level 0.8 Stealth
 + Level 3.1 Spellcasting
 + Level 3.5 Translocations


You had 2 spell levels left.
You knew the following spells:

 Your Spells              Type           Power        Failure   Level  Hunger
a - Apportation           Tloc           ##........   6%          1    None
b - Blink                 Tloc           N/A          10%         2    ##.....
c - Shroud of Golubria    Chrm/Tloc      #.........   17%         2    ##.....
d - Portal Projectile     Tloc           ##....       17%         3    ###....


Dungeon Overview and Level Annotations

Branches:
Dungeon (4/15)
 Temple: D:4-7

Altars:
Kikubaaqudgha
Makhleb
Nemelex Xobeh
Trog
Yredelemnul
The Shining One

Annotations:
D:3 achirane's ghost, amateur TrTm


Message History

Casting: Shroud of Golubria
Confirm with . or Enter, or press ? or * to list all spells.
You blink.
Casting: Blink
Confirm with . or Enter, or press ? or * to list all spells.
You blink.
The orc wizard casts a spell at you. The puff of flame misses you.
Casting: Blink
Confirm with . or Enter, or press ? or * to list all spells.
You blink.
The orc priest calls upon Beogh to heal the orc wizard.
The orc wizard is healed somewhat.
Drink which item? (? for menu, Esc to quit)
It was a potion of flight.
You feel very buoyant.
You fly up into the air.
The orc priest mumbles some strange prayers to Beogh against you.
Something smites you!
You die...

##########
##...##...##
##....@.....##
#............# #
#......o.....#
####
#........o...#
#...
#####........ยง.##
###...
#.(......#....##
###.....
#.########..###
###..)..>. #.#
##(# ###...#...g.
#####.# #.#
#.(.#...###.


You could see an orc priest and an orc wizard.

Vanquished Creatures
  A hound skeleton (D:4)
  A gnoll (D:3)
  4 adders (D:2)
  An ooze (D:2)
  A worm (D:3)
  14 orcs
  A ball python (D:3)
  2 bats (D:1)
  2 giant cockroaches (D:3)
  12 hobgoblins
  6 kobolds
  A giant newt (D:2)
  9 goblins
  A quokka (D:2)
  8 rats
64 creatures vanquished.

Notes
Turn   | Place    | Note
--------------------------------------------------------------
     0 | D:1      | Shim the High Elf Warper began the quest for the Orb.
     0 | D:1      | Reached XP level 1. HP: 14/14 MP: 4/4
   615 | D:1      | Reached XP level 2. HP: 17/19 MP: 6/6
   619 | D:1      | Learned a level 2 spell: Blink
  1450 | D:1      | Learned a level 2 spell: Shroud of Golubria
  1584 | D:2      | Reached skill level 1 in Armour
  2137 | D:2      | Reached XP level 3. HP: 25/25 MP: 8/8
  2942 | D:2      | Reached XP level 4. HP: 27/30 MP: 9/9
  2972 | D:2      | Learned a level 3 spell: Portal Projectile
  3389 | D:3      | Noticed achirane's ghost (amateur TrTm)
  4969 | D:3      | Found a sparkling altar of Nemelex Xobeh.
  4969 | D:3      | Found an ancient bone altar of Kikubaaqudgha.
  5250 | D:3      | Reached XP level 5. HP: 35/35 MP: 10/10
  5287 | D:3      | Found a glowing golden altar of the Shining One.
  5292 | D:3      | Found a basalt altar of Yredelemnul.
  5303 | D:3      | Found a bloodstained altar of Trog.
  5341 | D:3      | Found a burning altar of Makhleb.
  5509 | D:3      | HP: 1/35 [orc priest/divine providence (17)]
  5513 | D:3      | Killed from afar by an orc priest

Vault maps used:
D:1:      nicolae_arrival_washed_ashore
D:3:      minitemple, grunt_temple_overflow_cloverleaf
D:4:      minmay_temple_entry_junction, first_bread,
          hangedman_decor_diamond_cutter, uniq_natasha, uniq_crazy_yiuf_cottage

Action                   |  1- 3 |  4- 6 || total
-------------------------+-------+-------++-------
Melee: Short sword       |   147 |   123 ||   270
       Dagger            |       |    15 ||    15
Throw: Stone             |    13 |    32 ||    45
       Tomahawk          |       |     5 ||     5
 Cast: Blink             |       |    16 ||    16
       Shroud of Golubri |       |    13 ||    13
       Portal Projectile |       |     7 ||     7
  Use: Scroll            |     1 |     4 ||     5
       Potion            |       |     3 ||     3
  Eat: Meat ration       |     1 |       ||     1
       Chunk             |     1 |     1 ||     2
       Fruit             |       |     3 ||     3
       Bread ration      |       |     2 ||     2
